 Dungeon Crawl Stone Soup version 0.27-a0-1136-g0b992a5a9d (console) character file.

Game seed: 15407835870009219038

3810 nht the Cleaver (level 9, 0/59 (67) HPs)
             Began as a Palentonga Berserker on May 5, 2021.
             Was an Elder of Trog.
             Slain by Duvessa
             ... wielding a +5 rapier of draining
              (5 damage)
             ... on level 7 of the Dungeon.
             The game lasted 00:12:02 (8003 turns).

nht the Cleaver (Palentonga Berserker)              Turns: 8003, Time: 00:12:03

HP:   0/59 (67)     AC: 15    Str: 24    XL:     9   Next: 96%
MP:   3/3           EV:  9    Int:  8    God:    Trog [****..]
Gold: 349           SH:  0    Dex:  9    Spells: 8/8 levels left

rFire    . . .     SeeInvis +   t - +11 mace "Kinez" {antimagic, SInv}
rCold    . . .     Faith    .   (no shield)
rNeg     . . .     Spirit   .   b - +1 animal skin
rPois    +         Reflect  .   (no helmet)
rElec    .         Harm     .   z - +2 cloak
rCorr    .         Rampage  .   (no gloves)
Will     .....                  (no barding)
Stlth    +.........             (no amulet)
HPRegen  0.19/turn              f - ring of poison resistance
MPRegen  0.08/turn              (no ring)

@: heavily drained, curled up
A: large, rugged brown scales 3, see invisible, deformed body, roll 1, armoured
tail, reflexive curl
a: Rolling Charge, Renounce Religion, Berserk, Trog's Hand, Brothers in Arms


You were on level 7 of the Dungeon.
You worshipped Trog.
Trog was greatly pleased with you.
You visited 1 branch of the dungeon, and saw 7 of its levels.
You also visited: Sewer and Ossuary.

You collected 349 gold pieces.

Inventory:

Hand Weapons
 a - a +0 hand axe
 t - the +11 mace "Kinez" (weapon) {antimagic, SInv}
   (You found it on level 4 of the Dungeon)

   It reduces the magical energy of the wielder, and disrupts the spells and
   magical abilities of those hit.
   Natural abilities and divine invocations are not affected.
   It lets you see invisible.
Missiles
 m - a throwing net
 q - a curare-tipped dart
Armour
 b - a +1 animal skin (worn)
 z - a +2 cloak (worn)
Jewellery
 c - a ring of positive energy
 f - a ring of poison resistance (left hand)
Wands
 l - a wand of flame (16)
 x - a wand of acid (6)
 y - a wand of iceblast (11)
Scrolls
 e - 3 scrolls of immolation
 g - 2 scrolls of fog
 j - a scroll of vulnerability {unknown}
 n - 7 scrolls of teleportation
 u - 2 scrolls of magic mapping
 v - 2 scrolls of enchant armour
Potions
 d - 9 potions of curing
 h - a potion of haste
 i - a potion of heal wounds {unknown}
 k - 2 potions of resistance
 o - 3 potions of brilliance
 p - a potion of mutation
 r - a potion of magic
 s - 7 potions of flight
 w - a potion of cancellation


   Skills:
 - Level 3.0 Fighting
 + Level 14.0 Axes
 - Level 1.5 Armour
 - Level 1.5 Dodging


You had 8 spell levels left.
You didn't know any spells.
Your spell library was empty.

Dungeon Overview and Level Annotations

Branches:
Dungeon (7/15)              Sewer (visited)         Ossuary (visited)
 Temple: D:4-7

Altars:
Cheibriados
Kikubaaqudgha
Okawaru
Ru
Trog

Annotations:
D:7 Duvessa, Joseph


Innate Abilities, Weirdness & Mutations

You are completely covered in rugged brown scales. (AC +3, +7% HP)
You have supernaturally acute eyesight. (SInv)
Armour fits poorly on your strangely shaped body.
You can roll at nearby foes to attack.
You have a long armoured tail.
You curl defensively after being hit.


Message History

The mass of ice explodes!
The iceblast engulfs Duvessa!
Duvessa is moderately wounded.
The iceblast engulfs the bullfrog zombie.
The bullfrog zombie partially resists.
The bullfrog zombie is lightly damaged.
The iceblast engulfs Dowan!
You kill Dowan!
Trog accepts your kill.
Trog appreciates your killing of a magic user.
Duvessa screams, "No!
How DARE you!"
Duvessa goes berserk!
You hear a shout!
Duvessa hits you with a +5 rapier of draining!!
You feel drained.
Duvessa hits you with a +5 rapier of draining!
You feel drained. The bullfrog zombie barely misses you.
Unknown command.
Aiming: Corrosive Bolt
Press: ? - help, Shift-Dir - straight line, f - Joseph
Aim: Joseph, wielding a +3 spectral quarterstaff, wearing a +1 ring mail of cold resistance and quivering sling bullets (75% to hit)
The bolt of acid misses Duvessa.
The bolt of acid hits Joseph!
Joseph is splashed with acid.
Joseph is lightly wounded.
Duvessa hits you with a +5 rapier of draining!
* * * LOW HITPOINT WARNING * * *
You feel drained.
* * * LOW HITPOINT WARNING * * *
The bullfrog zombie hits you.
* * * LOW HITPOINT WARNING * * *
Aiming: Corrosive Bolt
Press: ? - help, Shift-Dir - straight line, f/p - Joseph
Aim: Joseph, wielding a +3 spectral quarterstaff, wearing a +1 ring mail of cold resistance and quivering sling bullets (lightly wounded, 75% to hit)
The bolt of acid hits Duvessa!
Duvessa is splashed with acid!
The acid corrodes Duvessa!
Duvessa is severely wounded.
The bolt of acid hits Joseph.
Joseph is splashed with acid.
The acid corrodes Joseph!
Joseph is moderately wounded.
Duvessa hits you with a +5 rapier of draining.
You die... ██ █.█ █.█ ███████

██ █.█.......
█.█ ██@e......
█.███.█Z.@...<
█.█.██..)....
█.██ .......
█.█ .......
█.█ .......
█.█ ███.███
█.█ .) █.█


You could see Joseph (corroded), Duvessa (berserk, corroded) and a bullfrog
zombie.

Vanquished Creatures
  The ghost of p0werm0de the Fighter, a novice GrFi of Okawaru (D:6)
  Pikel (D:5)
  A sky beast (D:5)
  A black bear (D:6)
  2 necrophages
  2 ice beasts
  3 centaurs
  2 phantoms (D:5)
  3 kobold brigands (Sewer)
  A bullfrog (D:6)
  A water moccasin zombie (D:5)
  4 scorpions
  2 wyvern skeletons (D:7)
  Dowan (D:7)
  5 wights
  A centaur zombie (D:4)
  A human zombie (Ossuary)
  3 bullfrog zombies
  A jelly (D:7)
  7 hounds
  5 iguanas
  2 centaur skeletons (D:5)
  2 orc wizards (D:4)
  A scorpion zombie (D:5)
  A hound zombie (D:5)
  A howler monkey zombie (D:7)
  4 mummies (Ossuary)
  4 gnolls
  9 adders
  A river rat (Sewer)
  A white imp (D:7)
  An ufetubus (D:6)
  An adder skeleton (D:4)
  7 worms
  4 dart slugs
  17 orcs
  9 ball pythons
  11 endoplasms
  6 giant cockroaches
  4 goblins
  8 hobgoblins
  11 kobolds
  3 quokkas
  3 bats
  2 frilled lizards
  2 gnoll zombies (Ossuary)
  2 goblin zombies (Ossuary)
  2 hobgoblin zombies (Ossuary)
  An orc zombie (Ossuary)
  8 rats
176 creatures vanquished.

Vanquished Creatures (others)
  17 plants (D:5)
17 creatures vanquished.

Grand Total: 193 creatures vanquished

Notes
Turn   | Place    | Note
-------+----------+-------------------------------------------
     0 | D:1      | nht the Palentonga Berserker began the quest for the Orb.
     0 | D:1      | Reached XP level 1. HP: 19/19 MP: 1/1
   265 | D:1      | Reached XP level 2. HP: 14/25 MP: 2/2
  1032 | D:1      | Reached skill level 4 in Axes
  1463 | D:2      | Reached XP level 3. HP: 31/31 MP: 3/3
  1584 | D:2      | Reached ** piety under Trog
  2394 | D:2      | Found a faded altar of an unknown god.
  2789 | D:3      | Found an ancient bone altar of Kikubaaqudgha.
  2927 | D:3      | Reached XP level 4. HP: 31/37 MP: 4/4
  3073 | D:3      | Reached skill level 5 in Axes
  3106 | D:4      | Reached XP level 5. HP: 19/43 MP: 5/5
  3130 | D:4      | Found a sand-covered staircase.
  3135 | Ossuary  | Entered an ossuary
  3175 | Ossuary  | Reached skill level 6 in Axes
  3436 | D:4      | Reached XP level 6. HP: 50/50 MP: 6/6
  3441 | D:4      | Reached *** piety under Trog
  3442 | D:4      | Reached skill level 7 in Axes
  3452 | D:4      | Found a glowing drain.
  3467 | Sewer    | Entered a sewer
  3833 | Sewer    | Reached skill level 8 in Axes
  3930 | Sewer    | Gained mutation: You curl defensively after being hit.
                  | [Palentonga growth]
  3930 | Sewer    | Reached XP level 7. HP: 9/55 MP: 7/7
  4265 | D:4      | Found an iron altar of Okawaru.
  4271 | D:4      | Reached skill level 9 in Axes
  4277 | D:4      | Identified the +11 mace "Kinez" {antimagic, SInv}
  4629 | D:5      | Entered Level 5 of the Dungeon
  4642 | D:5      | Reached **** piety under Trog
  4658 | D:5      | Reached skill level 10 in Axes
  4658 | D:5      | Reached XP level 8. HP: 27/62 MP: 2/8
  5206 | D:5      | Found a sacrificial altar of Ru.
  5344 | D:5      | Noticed Pikel
  5355 | D:5      | Killed Pikel
  5356 | D:5      | Reached skill level 11 in Axes
  5639 | D:5      | Reached XP level 9. HP: 55/67 MP: 3/9
  5751 | D:5      | Reached skill level 12 in Axes
  6458 | D:6      | Found a runed translucent door.
  6461 | D:6      | Noticed p0werm0de's ghost (novice GrFi)
  6621 | D:6      | Found a bloodstained altar of Trog.
  6806 | D:6      | Killed p0werm0de's ghost
  6807 | D:6      | Reached skill level 13 in Axes
  7457 | D:7      | Found a snail-covered altar of Cheibriados.
  7939 | D:7      | Reached skill level 14 in Axes
  7999 | D:7      | Noticed Joseph
  7999 | D:7      | Noticed Duvessa
  7999 | D:7      | Noticed Dowan
  8001 | D:7      | Killed Dowan
  8003 | D:7      | Slain by Duvessa

Illustrated notes

Levels and vault maps discovered:
D:1:      erik_arrival_triangle_medium, layout_basic
D:2:      layout_basic, shapermc_ecumenical_altar_mp_vishouse, st_stairs_9
D:3:      layout_rooms, nicolae_overflow_hidden_temple, nrook_uturn
D:4:      layout_cave_pools, okawaru_ov_weapons_minmay,
          nicolae_ossuary_entry_false_entrances, portal_sewer_entry_a,
          minivault_1
D:5:      layout_loops_corners, nicolae_overflow_crystal_walls,
          grunt_ministairs_2, serial_bayou_lagoon_a, st_stairs_3, sigmund_army,
          uniq_pikel
D:6:      layout_loops_ring, lightli_temple_of_fire, ebering_ghost_sewer_d,
          kennysheep_generic_room_11
D:7:      layout_loops_ring, kennysheep_slug_shrine, temple_hall, serial_rivers,
          chequers_serial_rivers_micro_e, chequers_serial_rivers_room_a,
          chequers_serial_rivers_room_b, chequers_serial_rivers_micro_a,
          chequers_serial_rivers_small_3, uniq_joseph, uniq_duvessa

Skill      XL: |  1  2  3  4  5  6  7  8  9 |
---------------+----------------------------+-----
Axes           | 4 5 6 8 10 11 14 | 14.0
Fighting       | |  3.0
Armour         | |  1.5
Dodging        | |  1.5

Action                   |  1- 3 |  4- 6 |  7- 9 || total
-------------------------+-------+-------+-------++-------
Melee: Hand axe          |   114 |   158 |    39 ||   311
       Tailslap          |    14 |    22 |    29 ||    65
       Mace              |       |       |   182 ||   182
Invok: Berserk           |     1 |     6 |     7 ||    14
 Abil: Rolling Charge    |    34 |    18 |    43 ||    95
Evoke: Wand              |       |       |    11 ||    11
  Use: Scroll            |       |    13 |     5 ||    18
       Potion            |       |     3 |     3 ||     6
 Stab: Distracted        |       |     1 |       ||     1
Armor: Animal skin       |    26 |    24 |    74 ||   124
Dodge: Dodged            |    43 |    48 |    85 ||   176

Table legend: (Time is in decaauts)
 A = Elapsed time spent in this place.
 B = Non-inter-level travel time spent in this place.
 C = Inter-level travel time spent in this place.
 D = Time resting spent in this place.
 E = Time spent auto-exploring this place.
 F = Levels seen in this place.
 G = Mean time per level.
                   A        B        C        D        E       F      G
               +--------+--------+--------+--------+--------+-----+--------+
         Total |   8225 |   8061 |    164 |    260 |   6616 |   9 |  913.9 |
       Dungeon |   7252 |   7088 |    164 |    260 |   6039 |   7 | 1036.0 |
         Sewer |    677 |    677 |      0 |      0 |    493 |   1 |  677.0 |
       Ossuary |    295 |    295 |      0 |      0 |     83 |   1 |  295.0 |
               +--------+--------+--------+--------+--------+-----+--------+

Top non-repeatable levels by time:
     D:1: 1420 daAuts
     D:5: 1399 daAuts
     D:6: 1348 daAuts
     D:2: 1050 daAuts
     D:7: 705 daAuts
     D:4: 683 daAuts
   Sewer: 677 daAuts
     D:3: 644 daAuts
 Ossuary: 295 daAuts
